 Dungeon Crawl Stone Soup version 0.31.0-12-g77e489cdc1 (webtiles) character file.

Game seed: 2814337270259738111

473 chicagocrazy the Sneak (level 6, -2/64 HPs)
             Began as a Demonspawn Enchanter on Mar 6, 2024.
             Succumbed to a water moccasin's poison
             ... on level 6 of the Dungeon.
             The game lasted 00:07:57 (2747 turns).

chicagocrazy the Sneak (Demonspawn Enchanter)       Turns: 2747, Time: 00:07:58

Health: -2/64      AC:  5    Str:  9    XL:     6   Next: 84%
Magic:  5/9        EV: 12    Int: 17    God:
Gold:   149        SH:  0    Dex: 13    Spells: 5/10 levels left

rFire   . . .        g - +2 dagger (venom)
rCold   . . .        (no shield)
rNeg    + . .        b - +0 robe
rPois   .            e - +1 helmet
rElec   .            (no cloak)
rCorr   .            h - +0 pair of gloves
SInv    .            (no boots)
Will    .....        (no amulet) Stlth
                     o - ring of positive energy
HPRegen 0.30/turn    (no ring)
MPRegen 0.11/turn

%: no passive effects
@: berserking, lethally poisoned (-2 -> -23), attractive, very quick
A: powered by death 2
a: no special abilities


You were on level 6 of the Dungeon.
You visited 1 branch of the dungeon, and saw 6 of its levels.

You collected 149 gold pieces.

Inventory:

Hand Weapons
 a - a +1 dagger
 g - a +2 dagger of venom (weapon)
Missiles
 i - 4 boomerangs
 s - 4 silver javelins (quivered)
Armour
 b - a +0 robe (worn)
 e - a +1 helmet (worn)
 h - a +0 pair of gloves (worn)
Magical Staves
 d - a staff of death
 f - a staff of conjuration
Jewellery
 o - a ring of positive energy (left hand)
Scrolls
 j - 2 scrolls of teleportation {unknown}
 l - a scroll of poison
 p - a scroll of immolation {unknown}
 q - 2 scrolls of identify {unknown}
Potions
 m - a potion of might {unknown}
 n - 2 potions of haste {unknown}


   Skills:
 + Level 1.5 Fighting
 + Level 2.8 Short Blades
 + Level 3.0 Dodging
 + Level 4.8 Stealth
 + Level 2.6 Spellcasting
 + Level 4.0 Hexes
 + Level 1.1 Ice Magic


You had 5 spell levels left.
You knew the following spells:

 Your Spells              Type           Power      Damage    Failure   Level
a - Ensorcelled Hibernat  Hex/Ice        22%        N/A       10%         2
b - Confusing Touch       Hex            15%        N/A       11%         3

Your spell library contained the following spells:

 Spells                   Type           Power      Damage    Failure   Level
 Tukima's Dance           Hex            15%        N/A       11%         3
 Magic Dart               Conj           8%         1d3       19%         1
 Dazzling Flash           Conj/Hex       18%        N/A       24%         3
 Blink                    Tloc           4%         N/A       28%         2
 Call Imp                 Summ           4%         N/A       28%         2
 Animate Dead             Necr           2%         N/A       88%         4
 Haunt                    Necr/Summ      1%         N/A       100%        7
 Infestation              Necr           1%         N/A       100%        8


Dungeon Overview and Level Annotations

Branches:
Dungeon (6/15)
 Temple: D:4-7

Altars:

Shops:
D:2 (

Annotations:
D:5 Pikel


Innate Abilities, Weirdness & Mutations

You regenerate health from kills.


Message History

The water moccasin looks drowsy...
You feel sick.
The helpless water moccasin fails to defend itself.
You hit the water moccasin but do no damage.
You feel sick.
The water moccasin bites you but does no damage.
You hit the water moccasin but do no damage.
You feel sick. The water moccasin barely misses you.
The water moccasin bites you.
You are more poisoned.
The water moccasin poisons you!
Casting: Ensorcelled Hibernation (safe; 10% risk of failure)
Confirm with . or Enter, or press ? or * to list all spells.
You don't know that spell.
Found a stone.
You feel very sick. The water moccasin bites you.
It was a potion of attraction.
You feel attractive to monsters.
* * * LOW HITPOINT WARNING * * *
You feel very sick. The water moccasin closely misses you.
It was a potion of berserk rage.
A red film seems to cover your vision as you go berserk!
You feel yourself moving faster!
You feel mighty!
You feel sick.
The water moccasin barely misses you. x2
You barely miss the water moccasin.
You feel sick. The water moccasin misses you.
You hit the water moccasin but do no damage.
You feel sick.
You miss the water moccasin.
You feel sick. The water moccasin bites you.
* * * LOW HITPOINT WARNING * * *
You hit the water moccasin but do no damage.
The water moccasin appears confused.
You feel sick. The water moccasin bites you.
* * * LOW HITPOINT WARNING * * *
You are more poisoned.
The water moccasin poisons you!
You puncture the water moccasin!
The water moccasin is heavily wounded.
You die...

#.# #.# #.# .#
#.# ... #.## #.(
#..#####
#..###.....##
#..........#
#...@S......#
...............#
.#####......(..#
#.........#
#.........#
#.........#
#.........#
#.........


You could see a water moccasin (confused).

Vanquished Creatures
  Sigmund (D:5)
  A black bear (D:5)
  2 lemures (D:5)
  2 iguanas (D:5)
  3 gnolls (D:5)
  4 adders
  7 dart slugs
  2 ribbon worms (D:2)
  5 orcs
  6 endoplasms
  2 giant cockroaches (D:4)
  8 goblins
  5 hobgoblins
  5 jackals
  5 quokkas
  10 ball pythons
  9 bats
  3 frilled lizards
  3 kobolds (D:2)
  3 rats (D:1)
86 creatures vanquished.

Notes
Turn   | Place    | Note
-------+----------+-------------------------------------------
     0 | D:1      | chicagocrazy the Demonspawn Enchanter began the quest for
                  | the Orb.
     0 | D:1      | Reached XP level 1. HP: 13/13 MP: 3/3
    91 | D:1      | Gained mutation: You regenerate a little health from kills.
                  | [demonic ancestry]
    91 | D:1      | Reached XP level 2. HP: 14/19 MP: 5/5
   441 | D:1      | Reached skill level 1 in Short Blades
   481 | D:1      | Reached XP level 3. HP: 20/24 MP: 6/6
   493 | D:1      | Learned a level 2 spell: Ensorcelled Hibernation
  1293 | D:2      | Reached XP level 4. HP: 31/31 MP: 4/7
  1368 | D:2      | Learned a level 3 spell: Confusing Touch
  1465 | D:2      | Found Xaurphyrr's Antique Weapon Emporium.
  2163 | D:5      | Entered Level 5 of the Dungeon
  2275 | D:5      | Reached XP level 5. HP: 36/36 MP: 8/8
  2275 | D:5      | Noticed Sigmund
  2290 | D:5      | Killed Sigmund
  2291 | D:5      | Reached skill level 1 in Fighting
  2291 | D:5      | Reached skill level 1 in Ice Magic
  2291 | D:5      | Gained mutation: You regenerate health from kills. [demonic
                  | ancestry]
  2291 | D:5      | Reached XP level 6. HP: 35/43 MP: 6/9
  2630 | D:5      | Noticed Pikel
  2730 | D:6      | Noticed a water moccasin
  2746 | D:6      | HP: 1/64 [water moccasin (5)]
  2747 | D:6      | Succumbed to a water moccasin's poison

Illustrated notes

Levels and vault maps discovered:
D:1:      tarquinn_simple_flora_water_f, layout_basic
D:2:      layout_basic, serial_shops,
          nicolae_shop_temple_entry_statues_fountains, minmay_fractal_squares_5
D:3:      layout_loops_corners, nicolae_overflow_hidden_temple,
          shapermc_ecumenical_altar_venn, hex_large
D:4:      layout_cave_pools, uniq_menkaure, uniq_crazy_yiuf_cottage,
          uniq_natasha
D:5:      layout_basic, hangedman_abyss_or_decor_lesser_grid, uniq_pikel,
          uniq_sigmund
D:6:      layout_rooms, minmay_temple_entry_overgrown

Skill      XL: |  1  2  3  4  5  6 |
---------------+-------------------+-----
Dodging        | 2 3 |  3.0
Short Blades   | 1 2 |  2.8
Stealth        | 3 4 |  4.8
Fighting       | 1 |  1.5
Ice Magic      | 1 |  1.1
Hexes          | 4 |  4.0
Spellcasting   | |  2.6

Action                     |  1- 3 |  4- 6 || total
---------------------------+-------+-------++-------
  Melee: Dagger            |   148 |   133 ||   281
  Throw: Javelin           |       |     1 ||     1
   Cast: Ensorcelled Hiber |     7 |    12 ||    19
         Confusing Touch   |       |     3 ||     3
    Use: Potion            |     1 |     6 ||     7
         Scroll            |       |     4 ||     4
   Stab: Sleeping          |     9 |    17 ||    26
         Confused          |       |     1 ||     1
 Armour: Robe              |    75 |    68 ||   143
  Dodge: Dodged            |    75 |    89 ||   164
